 Dungeon Crawl Stone Soup version 0.28-a0-1395-g4f6bc678fa (webtiles) character file.

Game seed: 7176233583481952789

109 snetch the Skirmisher (level 4, 0/61 HPs)
             Began as a Minotaur Berserker on Jan 4, 2022.
             Was a Follower of Trog.
             Slain by an orc (2 damage)
             ... on level 3 of the Dungeon.
             The game lasted 00:04:22 (1387 turns).

snetch the Skirmisher (Minotaur Berserker)          Turns: 1387, Time: 00:04:22

Health: 0/61       AC:  6    Str: 24    XL:     4   Next: 60%
Magic:  3/3        EV: 11    Int:  4    God:    Trog [*.....]
Gold:   66         SH:  0    Dex: 15    Spells: 3/3 levels left

rFire   + . .      SeeInvis .   m - +0 trident
rCold   . . .      Faith    .   (no shield)
rNeg    . . .      Spirit   .   o - +0 scale mail
rPois   .          Reflect  .   (helmet restricted)
rElec   .          Harm     .   (no cloak)
rCorr   .          Rampage  .   (no gloves)
Will    .....                   (no boots)
Stlth   ..........              (no amulet)
HPRegen 0.20/turn               h - ring of protection from fire
MPRegen 0.08/turn               n - +6 ring of dexterity

@: berserking, very quick
A: horns 2, retaliatory headbutt
a: Renounce Religion, Berserk


You were on level 3 of the Dungeon.
You worshipped Trog.
Trog was aware of your devotion.
You visited 1 branch of the dungeon, and saw 3 of its levels.

You collected 66 gold pieces.

Inventory:

Hand Weapons
 a - a +0 hand axe
 m - a +0 trident (weapon)
Missiles
 c - 71 stones
 e - 26 bolts
 i - 5 poisoned darts (quivered)
 j - 2 javelins
Armour
 o - a +0 scale mail (worn)
Jewellery
 h - a ring of protection from fire (left hand)
 n - a +6 ring of dexterity (right hand)
Scrolls
 b - a scroll of noise {unknown}
 g - a scroll of magic mapping {unknown}
 l - a scroll of immolation {unknown}
Potions
 d - a potion of berserk rage {unknown}
 f - a potion of curing {unknown}
 k - a potion of flight {unknown}
 p - a potion of haste {unknown}


   Skills:
 + Level 4.8 Fighting
 + Level 4.6 Axes
 + Level 0.2(2.8) Polearms
 + Level 0.6 Throwing
 + Level 2.6 Armour
 + Level 3.3 Dodging


You had 3 spell levels left.
You didn't know any spells.
Your spell library was empty.

Dungeon Overview and Level Annotations

Branches:
Dungeon (3/15)

Altars:


Innate Abilities, Weirdness & Mutations

You have a pair of horns on your head.
You reflexively headbutt those who attack you in melee.


Message History

You can now call upon Trog for regeneration and willpower.
You hear the slow rusting of a very distant drain.
The quokka bites you but does no damage.
You puncture the quokka!
You kill the quokka!
Trog accepts your kill.
You see here a quokka corpse.
Found a stone staircase leading down.
An orc comes into view. It is wielding a +0 hand axe.
The orc shouts!
You hear a shout! x2
An orc priest comes into view. It is wielding a +0 hand axe.
The orc moves out of view.
An orc wizard comes into view. It is wielding a +0 dagger.
An orc priest comes into view. It is wielding a +0 hand axe.
The orc priest shouts!
The orc wizard shouts!
The orc priest mumbles some strange prayers to Beogh against you.
Beogh smites you!
* * * LOW HITPOINT WARNING * * *
The orc priest closely misses you.
A red film seems to cover your vision as you go berserk!
You feel yourself moving faster!
You feel mighty!
You can no longer call upon Trog for regeneration and willpower.
The orc priest hits you with a +0 hand axe.
* * * LOW HITPOINT WARNING * * *
The orc hits you with a +0 hand axe.
* * * LOW HITPOINT WARNING * * *
You puncture the orc priest!
The orc priest is almost dead.
The orc priest calls down the wrath of Beogh upon you.
You barely resist. The orc barely misses you.
Unknown command.
You closely miss the orc priest. Your headbutt misses the orc priest.
The orc priest is almost dead.
Unknown command.
You hit the orc.
The orc is heavily wounded.
The orc priest hits you with a +0 hand axe.
* * * LOW HITPOINT WARNING * * *
The orc hits you with a +0 hand axe.
You die...

#..##......###
##.##....#.#
#..........# #.
#####......# #.#
###.#..# #.###
#######.##.# #.#..
#....##<##.# #.#.#
#....#####.###.#.#
#....#####..##.#@######
............##..ooo.....
............##.##o......
...............# .......
....†..#.##..#.# .......
.......#.....#.# .......
.....[.#####.#.# .......
.......... #...# .......
.......### ##..#


You could see 2 orc priests, an orc wizard and an orc.

Vanquished Creatures
  Ijyb (D:3)
  Terence (D:2)
  2 adders
  A worm (D:2)
  A dart slug (D:1)
  2 ball pythons (D:1)
  An endoplasm (D:1)
  3 giant cockroaches
  4 goblins
  2 hobgoblins (D:1)
  A jackal (D:2)
  A quokka (D:3)
  4 bats (D:1)
  3 frilled lizards
  5 kobolds
  6 rats
38 creatures vanquished.

Vanquished Creatures (others)
  A plant (D:3)
1 creature vanquished.

Grand Total: 39 creatures vanquished

Notes
Turn   | Place    | Note
-------+----------+-------------------------------------------
     0 | D:1      | snetch the Minotaur Berserker began the quest for the Orb.
     0 | D:1      | Reached XP level 1. HP: 19/19 MP: 0/0
   346 | D:1      | Reached XP level 2. HP: 27/27 MP: 1/1
   661 | D:1      | Reached XP level 3. HP: 31/33 MP: 2/2
  1117 | D:2      | Noticed Terence
  1125 | D:2      | Killed Terence
  1126 | D:2      | Reached XP level 4. HP: 23/41 MP: 3/3
  1303 | D:3      | Noticed Ijyb
  1335 | D:3      | Killed Ijyb
  1363 | D:3      | Reached ** piety under Trog
  1384 | D:3      | HP: 3/61 [orc (2)]
  1387 | D:3      | Slain by an orc

Illustrated notes

Levels and vault maps discovered:
D:1:      evilmike_arrival_fibonacci_small, layout_basic
D:2:      layout_basic, dreamdust_ecumenical_altar_grove, minmay_unequal,
          uniq_terence
D:3:      layout_basic, makhleb_altar_promises_db, portal_sewer_entry_b,
          kennysheep_pointless_box, serial_bayou_pond_c, uniq_ijyb

Skill      XL: |  1  2  3 |
---------------+----------+-----
Axes           | 4 |  4.6
Fighting       | 4 |  4.8
Dodging        | 3 |  3.3
Polearms       | |  0.2
Throwing       | |  0.6
Armour         | |  2.6

Action                   |  1- 3 |  4- 6 || total
-------------------------+-------+-------++-------
Melee: Hand axe          |    44 |       ||    44
       Headbutt          |     8 |     4 ||    12
       Trident           |     9 |    16 ||    25
       Unarmed           |       |    25 ||    25
Throw: Stone             |     3 |       ||     3
       Dart              |    11 |       ||    11
Invok: Berserk           |     2 |     1 ||     3
Armor: Animal skin       |    12 |       ||    12
       Leather armour    |     2 |       ||     2
       Scale mail        |       |     1 ||     1
Dodge: Dodged            |    38 |    21 ||    59

Table legend: (Time is in decaauts)
 A = Elapsed time spent in this place.
 B = Non-inter-level travel time spent in this place.
 C = Inter-level travel time spent in this place.
 D = Time resting spent in this place.
 E = Time spent auto-exploring this place.
 F = Levels seen in this place.
 G = Mean time per level.
                   A        B        C        D        E       F      G
               +--------+--------+--------+--------+--------+-----+--------+
         Total |   1422 |   1355 |     67 |    159 |    740 |   3 |  474.0 |
       Dungeon |   1422 |   1355 |     67 |    159 |    740 |   3 |  474.0 |
               +--------+--------+--------+--------+--------+-----+--------+

Top non-repeatable levels by time:
     D:1: 966 daAuts
     D:2: 333 daAuts
     D:3: 123 daAuts
